 Dungeon Crawl Stone Soup version 0.22-a0-352-gc608dd7 (webtiles) character file.

2799 inmateoo the Sneak (level 9, -7/59 HPs)
             Began as an Octopode Air Elementalist on Apr 14, 2018.
             Was a Follower of Vehumet.
             Shot with an arrow by a centaur warrior (29 damage)
             ... on level 8 of the Dungeon.
             The game lasted 00:14:49 (8242 turns).

inmateoo the Sneak (Octopode Air Elementalist)      Turns: 8242, Time: 00:14:49

Health: -7/59      AC:  1    Str:  7    XL:     9   Next: 71%
Magic:  11/16      EV: 15    Int: 27    God:    Vehumet [*.....]
Gold:   151        SH:  6    Dex: 12    Spells: 2/17 levels left

rFire    . . .     SeeInvis +   r - staff of wizardry
rCold    . . .     Gourm    .   g - +1 buckler
rNeg     . . .     Faith    .   (helmet restricted)
rPois    +         Spirit   .   (no amulet)
rElec    .         Reflect  .   l - ring of see invisible
rCorr    .         Harm     .   n - ring of poison resistance
MR       .....                  o - +6 ring of intelligence
Stlth    ++++......             (no ring)
HPRegen  0.19/turn              (no ring)
MPRegen  0.15/turn              (no ring)
                                (no ring)
                                (no ring)

@: no status effects
A: almost no armour, stealthy swim, amphibious, 8 rings, constrict 8, camouflage
1, gelatinous body 1
a: Renounce Religion


You were on level 8 of the Dungeon.
You worshipped Vehumet.
Vehumet was aware of your devotion.
You were not hungry.

You visited 2 branches of the dungeon, and saw 9 of its levels.

You collected 405 gold pieces.
You spent 254 gold pieces at shops.

Inventory:

Hand Weapons
 k - a +0 dagger of flaming
 s - a +3 flail of holy wrath
Armour
 g - a +1 buckler (worn)
Magical Staves
 r - an uncursed staff of wizardry (weapon)
Jewellery
 l - a ring of see invisible (left tentacle)
 n - a ring of poison resistance (right tentacle)
 o - a +6 ring of intelligence (on tentacle)
 x - an uncursed ring of fire
Wands
 j - a wand of polymorph (7)
 t - a wand of paralysis (8)
Scrolls
 a - a scroll of amnesia
 e - 4 scrolls of remove curse
 y - 2 scrolls of blinking
 C - 3 scrolls of teleportation
Potions
 c - 2 potions of haste
 d - 2 potions of agility
 f - 2 potions of berserk rage
 h - 3 potions of brilliance {unknown}
 i - a potion of resistance {unknown}
 p - a potion of curing {unknown}
 q - a potion of lignification {unknown}
 u - 3 potions of heal wounds {unknown}
 B - 2 potions of invisibility {unknown}
Comestibles
 b - 12 rations


   Skills:
 + Level 4.6 Fighting
 - Level 1.3(2.3) Maces & Flails
 + Level 3.0(3.1) Staves
 + Level 5.0 Dodging
 + Level 7.3 Stealth
 - Level 4.0 Shields
 + Level 4.8 Spellcasting
 + Level 4.6 Conjurations
 + Level 5.6 Air Magic


You had 2 spell levels left.
You knew the following spells:

 Your Spells              Type           Power        Failure   Level  Hunger
a - Shock                 Conj/Air       ####         1%          1    None
b - Swiftness             Chrm/Air       ###.....     1%          2    None
c - Static Discharge      Conj/Air       ####....     1%          3    ##.....
d - Airstrike             Air            #####.....   2%          4    ####...
e - Lightning Bolt        Conj/Air       ####......   10%         5    #####..


Dungeon Overview and Level Annotations

Branches:
Dungeon (8/15)             Temple (1/1) D:6
   Lair: D:8-11

Altars:
Ashenzari
Cheibriados
Dithmenos
Elyvilon
Fedhas
Gozag
Kikubaaqudgha
Nemelex Xobeh
Sif Muna
Trog
Uskayaw
Vehumet
Wu Jian
Xom
Yredelemnul
Zin
The Shining One
Lugonu

Shops:
D:7 **


Innate Abilities, Weirdness & Mutations

You cannot wear most types of armour.
You are very stealthy in the water. (Stealth+)
You are amphibious.
You can wear up to eight rings at the same time.
You can use your tentacles to constrict eight enemies at once.
Your skin changes colour to match your surroundings (Stealth+).
Your rubbery body absorbs attacks. (AC +1, EV +1)


Message History

The lightning arcs!
The shadow is struck by lightning.
You destroy the shadow!
Vehumet accepts your kill.
Your Staves skill increases to level 3!
The lightning grounds out.
The centaur warrior hits you. You block the centaur warrior's attack.
Unknown command.
You barely miss the centaur warrior.
The centaur warrior is moderately wounded.
The centaur warrior hits you.
A shadow comes into view.
Unknown command.
You hit the centaur warrior but do no damage.
The centaur warrior is moderately wounded.
The centaur warrior hits you. The centaur warrior hits you!
Unknown command.
Unknown command.
The centaur warrior wields a longbow.
The centaur warrior shoots an arrow.
The arrow hits you!!
You die...

##..^...###...#.......
####.#.#### #...#....#..
.....#.######...#....#..
.........................
......................#..
..#########.......#...#..
##..##.......#......
#....##.....##......
#..@..###.### ......
.......#........##......
....#..#c...W....# ....
... #..##..###...# ... .
#.. #%## ..## ?...$$) ?##
...a##?#. ## ..## ..##
..F


You could see a centaur warrior, a shadow and a worker ant (sleeping).

Vanquished Creatures
  Pikel (D:6)
  A shadow (D:8)
  Menkaure (D:4)
  Edmund (D:4)
  Duvessa (D:7)
  A phantom (D:6)
  A slave (D:6)
  2 sky beasts
  3 ogres
  A big kobold (D:7)
  2 bullfrogs
  A scorpion (D:7)
  A wyvern skeleton (D:7)
  Dowan (D:7)
  A howler monkey (D:4)
  A bullfrog zombie (D:5)
  2 crimson imps
  Crazy Yiuf (D:3)
  2 jellies
  3 hounds
  6 orc wizards
  A bullfrog skeleton (D:5)
  3 iguanas
  4 worker ants
  A worker ant zombie (D:7)
  8 gnolls
  13 adders
  A shadow imp (D:5)
  An ooze (D:3)
  4 worms
  3 dart slugs
  3 leopard geckos
  19 orcs
  2 ball pythons (D:1)
  6 giant cockroaches
  10 hobgoblins
  9 jackals
  12 kobolds
  A quokka (D:7)
  5 bats
  2 frilled lizards
  3 goblins
  A leopard gecko zombie (D:5)
  A quokka skeleton (D:5)
  6 rats
153 creatures vanquished.

Vanquished Creatures (others)
  A hound skeleton (D:6)
  An adder zombie (D:6)
2 creatures vanquished.

Grand Total: 155 creatures vanquished

Notes
Turn   | Place    | Note
-------+----------+-------------------------------------------
     0 | D:1      | inmateoo the Octopode Air Elementalist began the quest for the Orb.
     0 | D:1      | Reached XP level 1. HP: 11/11 MP: 3/3
   423 | D:1      | Reached XP level 2. HP: 17/17 MP: 5/5
   433 | D:1      | Reached skill level 3 in Stealth
   684 | D:1      | Reached XP level 3. HP: 21/22 MP: 3/6
   692 | D:1      | Learned a level 2 spell: Swiftness
   696 | D:1      | Learned a level 3 spell: Static Discharge
  1291 | D:2      | Found a shadowy altar of Dithmenos.
  1300 | D:2      | Reached skill level 1 in Fighting
  1357 | D:2      | Found a blossoming altar of Fedhas.
  1549 | D:2      | Reached XP level 4. HP: 20/28 MP: 3/7
  1587 | D:2      | Found a hide-covered altar of Uskayaw.
  2452 | D:3      | Reached XP level 5. HP: 21/33 MP: 5/8
  2618 | D:3      | Found a runed door.
  3200 | D:3      | Found a shimmering altar of Xom.
  3658 | D:3      | Noticed Crazy Yiuf
  3663 | D:3      | Killed Crazy Yiuf
  3663 | D:3      | Reached skill level 4 in Stealth
  3747 | D:4      | Noticed Edmund
  3802 | D:4      | Reached XP level 6. HP: 3/39 MP: 5/10
  3912 | D:4      | Noticed Menkaure
  4153 | D:4      | Reached skill level 1 in Shields
  4253 | D:4      | Killed Menkaure
  4379 | D:4      | Reached XP level 7. HP: 45/45 MP: 6/11
  4484 | D:4      | Killed Edmund
  4598 | D:4      | Reached skill level 5 in Stealth
  4657 | D:5      | Entered Level 5 of the Dungeon
  4745 | D:5      | Found a shimmering altar of Xom.
  5088 | D:5      | Learned a level 4 spell: Airstrike
  5103 | D:5      | Found an ornate altar of the Wu Jian Council.
  5155 | D:5      | Reached XP level 8. HP: 30/51 MP: 11/13
  5496 | D:5      | Found a sparkling altar of Nemelex Xobeh.
  5606 | D:5      | Reached skill level 1 in Maces & Flails
  5615 | D:6      | Found a staircase to the Ecumenical Temple.
  5656 | Temple   | Entered the Ecumenical Temple
  6078 | D:6      | Noticed Pikel
  6092 | D:6      | Killed Pikel
  6092 | D:6      | Reached skill level 1 in Staves
  6092 | D:6      | Reached skill level 6 in Stealth
  6092 | D:6      | Reached skill level 5 in Air Magic
  6092 | D:6      | Reached XP level 9. HP: 27/58 MP: 0/15
  6198 | D:6      | Learned a level 5 spell: Lightning Bolt
  6380 | D:6      | Found a deep blue altar of Sif Muna.
  6448 | D:6      | Found an ancient bone altar of Kikubaaqudgha.
  6456 | D:6      | Identified Kikubaaqudgha's Guide on Sinister Rites
  6498 | D:6      | Found a radiant altar of Vehumet.
  6512 | D:6      | Became a worshipper of Vehumet
  6789 | D:7      | Noticed Dowan
  6791 | D:7      | Noticed Duvessa
  6810 | D:7      | Killed Dowan
  6817 | D:7      | Killed Duvessa
  7373 | D:7      | Found an opulent altar of Gozag.
  7575 | D:7      | Found Gozag's Platinum Reserve.
  7578 | D:7      | Found Lymawkam's Assorted Antiques.
  7587 | D:7      | Reached skill level 7 in Stealth
  7711 | D:7      | Reached * piety under Vehumet
  7711 | D:7      | Offered knowledge of Sting by Vehumet.
  7768 | D:7      | Bought a scroll labeled YMIYS OHINOE for 26 gold pieces
  7768 | D:7      | Bought a scroll labeled HIEQAB MESIVITARPH for 26 gold pieces
  7768 | D:7      | Bought 2 golden potions for 46 gold pieces
  7768 | D:7      | Bought a scroll of teleportation for 78 gold pieces
  7768 | D:7      | Bought a scroll of teleportation for 78 gold pieces
  7884 | D:7      | Reached skill level 5 in Dodging
  7928 | D:7      | Noticed an angel
  7929 | D:7      | Found a glowing silver altar of Zin.
  8229 | D:8      | Noticed a centaur warrior
  8242 | D:8      | Shot with an arrow by a centaur warrior

Vault maps used:
D:1:      lightli_arrival_noodles, st_stairs_13, kennysheep_decorative_pillar,
          serial_bayou_pond_e, grunt_decor_fettered, minmay_heptomino_o4
D:2:      eat_drink_and_be_merry_uskayaw, fedhas_altar_2,
          nicolae_dithmenos_through_a_glass_darkly
D:3:      xom_teletrap_fun, first_ration, uniq_crazy_yiuf_cottage
D:4:      uniq_edmund, uniq_menkaure
D:5:      nemelex_altar_shiori, overflow_temple_1_default, basic_altar
D:6:      palyth_temple_overflow_mages, minmay_temple_entry_statues_fountains,
          uniq_pikel
D:7:      zin_angel, nicolae_gozag_zags_fifth_avenue, serial_shops,
          kennysheep_mini, uniq_duvessa
D:8:      minmay_curly_fans, hangedman_ru_absence, grunt_ogre_cave,
          nrook_mini_vaults
Temple:   corrupted_temple

Skill      XL: |  1  2  3  4  5  6  7  8  9 |
---------------+----------------------------+-----
Stealth        | 3 4 5 6 7 |  7.3
Fighting       | 1 2 3 4 |  4.6
Conjurations   | 2 3 4 |  4.6
Dodging        | 3 4 5 |  5.0
Shields        | 2 3 4 |  4.0
Spellcasting   | 3 4 |  4.8
Air Magic      | 4 5 |  5.6
Maces & Flails | 1 |  1.3
Staves         | 1 3 |  3.0

Action                   |  1- 3 |  4- 6 |  7- 9 || total
-------------------------+-------+-------+-------++-------
Melee: Spear             |    90 |    91 |     4 ||   185
       Tentacles         |    13 |    18 |    36 ||    67
       Constrict         |    19 |    15 |    35 ||    69
       Dagger            |       |       |    70 ||    70
       Flail             |       |       |     4 ||     4
       Staff             |       |       |    79 ||    79
 Cast: Shock             |    20 |    57 |   129 ||   206
       Static Discharge  |       |     1 |     7 ||     8
       Airstrike         |       |       |     7 ||     7
  Use: Scroll            |     4 |     4 |     9 ||    17
 Stab: Sleeping          |     8 |    13 |    11 ||    32
  Eat: Chunk             |     2 |     6 |    13 ||    21
       Ration            |       |     1 |       ||     1
Armor: Skin              |     6 |     3 |     6 ||    15
Dodge: Dodged            |    26 |    56 |    99 ||   181
Block: Buckler           |       |     2 |    54 ||    56

Table legend:
 A = Spawn XP
 B = Non-spawn XP
 C = Spawn XP percentage of total XP
 D = Spawn monster count
 E = Non-spawn monster count
 F = Spawn count percentage of total count
 G = Total turns spent on level
                    A         B        C        D         E        F      G
               +---------+---------+-------+---------+---------+-------+---------
         Total |       0 |    3999 |   0.0 |       0 |     152 |   0.0 |  8242
               +---------+---------+-------+---------+---------+-------+---------
           D:1 |       0 |      54 |   0.0 |       0 |      24 |   0.0 |  1290
           D:2 |       0 |      35 |   0.0 |       0 |      10 |   0.0 |   546
           D:3 |       0 |     188 |   0.0 |       0 |      33 |   0.0 |  1916
           D:4 |       0 |     616 |   0.0 |       0 |      12 |   0.0 |   905
           D:5 |       0 |     567 |   0.0 |       0 |      22 |   0.0 |   958
           D:6 |       0 |    1174 |   0.0 |       0 |      16 |   0.0 |  1141
           D:7 |       0 |    1146 |   0.0 |       0 |      34 |   0.0 |  1391
           D:8 |       0 |     219 |   0.0 |       0 |       1 |   0.0 |    63
               +---------+---------+-------+---------+---------+-------+---------
